 Dungeon Crawl Stone Soup version 0.20-b1-24-gb21faa7 (webtiles) character file.

509 Iflex the Spear-Bearer (level 7, -8/79 HPs)
             Began as a Merfolk Gladiator on May 25, 2017.
             Killed by divine providence
             ... invoked by an orc priest
              (13 damage)
             ... on level 5 of the Dungeon.
             The game lasted 00:08:50 (3384 turns).

Iflex the Spear-Bearer (Merfolk Gladiator)          Turns: 3384, Time: 00:08:51

Health: -8/79      AC:  5    Str: 19 (21) XL:     7   Next: 19%
Magic:  7/7        EV: 14    Int:  6 (8)  God:
Gold:   167        SH:  0    Dex: 12 (15) Spells: 6/6 levels left

rFire    . . .     SeeInvis .   a - +0 trident
rCold    . . .     Gourm    .   (no shield)
rNeg     . . .     Faith    .   b - +0 leather armour
rPois    .         Spirit   .   c - +1 helmet
rElec    .         Reflect  .   (no cloak)
rCorr    .         Harm     .   (no gloves)
MR       .....                  (no boots)
Stlth    ..........             (no amulet)
Regen    0.3/turn               (no ring)
MPRegen  0.1/turn               (no ring)

@: berserking, very quick
A: change form in water, swift swim, stealthy swim
a: no special abilities


You were on level 5 of the Dungeon.
You were not hungry.

You visited 1 branch of the dungeon, and saw 5 of its levels.

You collected 167 gold pieces.

Inventory:

Hand Weapons
 a - a +0 trident (weapon)
Missiles
 d - a throwing net (quivered)
 u - 7 javelins of penetration
Armour
 b - a +0 leather armour (worn)
 c - a +1 helmet (worn)
Jewellery
 l - an uncursed amulet of guardian spirit {unknown}
Wands
 j - a wand of paralysis (17/24)
Scrolls
 e - 6 scrolls of teleportation
 g - a scroll of amnesia {unknown}
 h - a scroll of magic mapping {unknown}
 k - a scroll of enchant armour
 m - 2 scrolls of fog
 p - a scroll of enchant weapon {unknown}
 s - 2 scrolls of remove curse
 v - a scroll of random uselessness {unknown}
Potions
 i - a potion of berserk rage
 n - 2 potions of mutation
 r - 3 potions of lignification
Comestibles
 f - 4 bread rations
 o - 4 fruits
 t - a royal jelly
 x - a meat ration


   Skills:
 + Level 3.8 Fighting
 + Level 8.2 Polearms
 + Level 2.2 Throwing
 + Level 2.1 Armour
 + Level 5.2 Dodging
 + Level 1.7 Stealth


You had 6 spell levels left.
You didn't know any spells.

Dungeon Overview and Level Annotations

Branches:
Dungeon (5/15)
 Temple: D:4-7

Altars:
Hepliaklqana
Nemelex Xobeh
Qazlal


Message History

You feel a bit more experienced.
The orc priest calls down the wrath of Beogh upon you.
Pain shoots through your body!
* * * LOW HITPOINT WARNING * * *
You puncture the orc priest!
The orc priest is severely wounded.
The orc hits you with a club.
* * * LOW HITPOINT WARNING * * *
You barely miss the orc priest.
The orc priest is severely wounded.
The orc priest hits you with a hand axe.
* * * LOW HITPOINT WARNING * * *
You barely miss the orc priest.
The orc priest is severely wounded.
The orc closely misses you.
You barely miss the orc priest.
The orc priest is severely wounded.
The orc priest calls down the wrath of Beogh upon you.
Beogh smites you!
You die...

#.###.#
##.#...
...... #....
#...# ###
#...#..[
#...#.####
#.##oo.....#.
#...@>.......
#..#.#..##.#.
#....#.....
##.###.#####
#. .# # #o .
.


You could see an orc priest and an orc.

Vanquished Creatures
  A phantom (D:4)
  A scorpion (D:3)
  2 hounds (D:4)
  A centaur skeleton (D:4)
  An orc priest (D:4)
  An orc wizard (D:5)
  3 worker ants
  7 adders
  4 oozes
  An adder skeleton (D:4)
  4 worms
  A dart slug (D:2)
  2 leopard geckos
  4 orcs
  A ball python (D:2)
  4 giant cockroaches
  8 goblins
  5 hobgoblins
  4 jackals (D:2)
  2 quokkas
  3 bats
  3 frilled lizards
  A jackal skeleton (D:4)
  8 kobolds
  6 rats
78 creatures vanquished.

Notes
Turn   | Place    | Note
-------+----------+-------------------------------------------
     0 | D:1      | Iflex the Merfolk Gladiator began the quest for the Orb.
     0 | D:1      | Reached XP level 1. HP: 16/16 MP: 1/1
   320 | D:1      | Reached XP level 2. HP: 19/22 MP: 2/2
   484 | D:2      | Reached skill level 5 in Polearms
   527 | D:2      | Reached XP level 3. HP: 20/28 MP: 3/3
  1300 | D:3      | Reached XP level 4. HP: 31/34 MP: 4/4
  1380 | D:3      | Reached skill level 6 in Polearms
  1650 | D:3      | Reached XP level 5. HP: 35/40 MP: 5/5
  1723 | D:3      | Reached skill level 1 in Armour
  1723 | D:3      | Reached skill level 1 in Stealth
  1756 | D:3      | Reached skill level 5 in Dodging
  2236 | D:4      | Reached skill level 7 in Polearms
  2236 | D:4      | Reached XP level 6. HP: 39/47 MP: 6/6
  2273 | D:4      | Noticed a phantom
  2291 | D:4      | Killed a phantom
  2515 | D:4      | Found a stormy altar of Qazlal.
  2517 | D:4      | Noticed an air elemental
  2518 | D:4      | Noticed a water elemental
  2518 | D:4      | Noticed a fire elemental
  2807 | D:4      | Found a sparkling altar of Nemelex Xobeh.
  2813 | D:4      | Found a hazy altar of Hepliaklqana.
  3054 | D:4      | Reached XP level 7. HP: 44/52 MP: 7/7
  3219 | D:4      | Reached skill level 8 in Polearms
  3322 | D:5      | Entered Level 5 of the Dungeon
  3384 | D:5      | Killed from afar by an orc priest

Skill      XL: |  1  2  3  4  5  6  7 |
---------------+----------------------+-----
Polearms       | 5 6 7 8 |  8.2
Fighting       | 3 |  3.8
Armour         | 1 2 |  2.1
Stealth        | 1 |  1.7
Dodging        | 5 |  5.2
Throwing       | |  2.2

Action                   |  1- 3 |  4- 6 |  7- 9 || total
-------------------------+-------+-------+-------++-------
Melee: Trident           |   115 |   197 |    32 ||   344
Throw: Throwing net      |       |     4 |       ||     4
       Javelin           |       |     2 |       ||     2
Evoke: Wand              |       |       |     1 ||     1
  Use: Scroll            |       |     9 |       ||     9
       Potion            |       |     3 |     1 ||     4
 Stab: Sleeping          |     3 |     4 |       ||     7
       Distracted        |     1 |       |       ||     1
       Held in net/web   |       |     1 |       ||     1
  Eat: Chunk             |     1 |     5 |       ||     6
       Royal jelly       |       |       |     1 ||     1
Armor: Leather armour    |    21 |    29 |    10 ||    60
Dodge: Dodged            |    56 |   103 |    15 ||   174
